General information
- name: BNet
- type: Ladder 1vs1/FFA
- host: Battle.net
- saver: Boogaloo_Shrimp
map: MeltingValley
- players: 2
- length: 21:49
- speed: Fast
- version: 1.26 W3XP
- replay type: Public
» download(70 KB)
Players
team 1 (loser)
shudas_kurva (
red | 50 APM | 1092 actions | 21:48)
5 Archmage
3 Blizzard
1 Summon Water Elemental
1 Brilliance Aura
» actions
| Assign group hotkey | 4 | |
| Basic commands | 2 | |
| Build / train | 66 | |
| Enter build submenu | 19 | |
| Enter hero's abilities submenu | 5 | |
| Give item / drop item | 1 | |
| Remove unit from queue | 3 | |
| Right click | 622 | |
| Select / deselect | 311 | |
| Select group hotkey | 9 | |
| Use ability | 50 | |
1092 total
» units
| Peasant | 20 | |
| Rifleman | 10 | |
| Footman | 2 | |
| Knight | 6 | |
38 total
» upgrades
| Gunpowder | 1 | |
| Armor | 1 | |
| Plating | 1 | |
| Swords | 2 | |
| Lumber Harvesting | 1 | |
| Animal War Training | 1 | |
| Long Rifles | 1 | |
8 total
» buildings
| Altar of Kings | 1 | |
| Farm | 10 | |
| Barracks | 2 | |
| Blacksmith | 1 | |
| Arcane Vault | 1 | |
| Scout Tower | 2 | |
| Arcane Tower | 2 | |
| Keep | 1 | |
| Castle | 1 | |
| Lumber Mill | 1 | |
| Town Hall | 1 | |
23 total
» build order
00:02 Altar of Kings
00:06 Farm
00:08 Farm
00:45 Barracks
01:22 Farm
01:54 Blacksmith
04:22 Arcane Vault
04:30 Farm
04:33 Farm
05:20 Farm
05:57 Scout Tower
06:35 Arcane Tower
06:38 Scout Tower
07:11 Arcane Tower
07:13 Farm
08:54 Farm
08:55 Keep
09:00 Farm
10:42 Barracks
10:44 Farm
11:19 Castle
13:33 Lumber Mill
17:38 Town Hall
» items
| Scroll of Regeneration | 1 | |
| Potion of Invisibility | 2 | |
| Boots of Speed | 1 | |
| Potion of Lesser Invulnerability | 1 | |
| Scroll of Healing | 1 | |
| Lesser Clarity Potion | 1 | |
7 total
team 2 (winner)
Boogaloo_Shrimp (
green | 86 APM | 1868 actions | 21:49)
4 Archmage
2 Blizzard
2 Brilliance Aura
4 Blood Mage
2 Flame Strike
2 Siphon Mana
» actions
| Assign group hotkey | 68 | |
| Basic commands | 59 | |
| Build / train | 97 | |
| ESC pressed | 5 | |
| Enter build submenu | 28 | |
| Enter hero's abilities submenu | 8 | |
| Give item / drop item | 5 | |
| Remove unit from queue | 1 | |
| Right click | 766 | |
| Select / deselect | 439 | |
| Select group hotkey | 232 | |
| Use ability | 160 | |
1868 total
» units
| Peasant | 20 | |
| Spell Breaker | 8 | |
| Sorceress | 3 | |
| Dragonhawk Rider | 3 | |
| Goblin Shredder | 1 | |
35 total
» upgrades
| Swords | 3 | |
| Magic Sentry | 1 | |
| Sorceress Training | 2 | |
| Cloud | 1 | |
| Masonry | 2 | |
9 total
» buildings
| Altar of Kings | 1 | |
| Farm | 6 | |
| Arcane Vault | 2 | |
| Scout Tower | 22 | |
| Lumber Mill | 1 | |
| Arcane Tower | 4 | |
| Keep | 1 | |
| Town Hall | 1 | |
| Arcane Sanctum | 2 | |
| Blacksmith | 1 | |
| Castle | 1 | |
| Gryphon Aviary | 3 | |
| Guard Tower | 6 | |
51 total
» build order
00:04 Altar of Kings
00:09 Farm
00:31 Farm
00:44 Arcane Vault
01:15 Scout Tower
01:29 Lumber Mill
01:52 Arcane Tower
02:04 Scout Tower
02:55 Arcane Tower
03:37 Keep
05:12 Scout Tower
05:14 Scout Tower
05:31 Town Hall
05:39 Arcane Tower
05:41 Arcane Tower
07:03 Arcane Sanctum
07:10 Arcane Sanctum
07:40 Farm
07:41 Farm
07:43 Blacksmith
10:37 Farm
10:40 Castle
11:24 Gryphon Aviary
13:02 Gryphon Aviary
13:04 Gryphon Aviary
13:55 Arcane Vault
16:22 Farm
16:40 Scout Tower
16:41 Scout Tower
16:41 Scout Tower
16:42 Scout Tower
16:47 Scout Tower
16:47 Scout Tower
16:48 Scout Tower
16:49 Scout Tower
16:50 Scout Tower
18:07 Guard Tower
18:09 Guard Tower
20:12 Scout Tower
20:12 Scout Tower
20:13 Scout Tower
20:14 Scout Tower
20:15 Scout Tower
20:20 Scout Tower
20:21 Scout Tower
20:21 Scout Tower
20:22 Scout Tower
20:49 Guard Tower
21:24 Guard Tower
21:24 Guard Tower
21:24 Guard Tower
» items
| Lesser Clarity Potion | 6 | |
| Mechanical Critter | 1 | |
| Scroll of Regeneration | 9 | |
| Staff of Teleportation | 2 | |
| Boots of Speed | 1 | |
| Staff of Sanctuary | 1 | |
| Scroll of Town Portal | 1 | |
| Potion of Healing | 2 | |
| Potion of Mana | 1 | |
| Periapt of Vitality | 1 | |
25 total
Chat log
(00:50 / All) shudas_kurva: gl hf
(13:05 / All) shudas_kurva: wow
(13:07 / All) shudas_kurva: u good
(13:17 / All) Boogaloo_Shrimp: um
(13:20 / All) Boogaloo_Shrimp: you cookie cutter?
(13:26 / All) shudas_kurva: lol
(17:42 / All) shudas_kurva: ass
(17:45 / All) Boogaloo_Shrimp: lol?
(17:51 / All) Boogaloo_Shrimp: here you were wishing me good luck
(18:02 / All) shudas_kurva: u are a douche
(18:02 / All) Boogaloo_Shrimp: am i to understand that the statement was not genuine?
(18:09 / All) shudas_kurva: i bet u have 0 friends
(18:14 / All) Boogaloo_Shrimp: so angry over losing :)
(18:19 / All) shudas_kurva: not really
(18:22 / All) Boogaloo_Shrimp: they always deny
(18:28 / All) shudas_kurva: u are angry over being fat and having acne
(18:30 / All) Boogaloo_Shrimp: LOL
(18:53 / All) Boogaloo_Shrimp: its only a game man ;)
(19:00 / All) shudas_kurva: come finish me asshole
(19:11 / All) Boogaloo_Shrimp: just leave if you dont care
(19:21 / All) Boogaloo_Shrimp: because you dont care right
(19:23 / All) Boogaloo_Shrimp: you're not mad
(19:36 / All) Boogaloo_Shrimp: mr am and 6 knights
(19:37 / All) Boogaloo_Shrimp: isnt mad
(21:04 / All) Boogaloo_Shrimp: oh that wont work
(21:36 / All) Boogaloo_Shrimp: so much gold
(21:43 / All) Boogaloo_Shrimp: what to buy